 Dungeon Crawl Stone Soup version 0.24-a0-809-g71cb82dfb8 (webtiles) character file.

Game seed: 6272857698363095690, levelgen mode: deterministic

9527 Peloso the Carver (level 11, -3/94 HPs)
             Began as a Minotaur Fighter on Oct 11, 2019.
             Was a High Priest of Okawaru.
             Killed by divine providence
             ... invoked by an orc priest
              (12 damage)
             ... on level 11 of the Dungeon.
             The game lasted 00:23:51 (9314 turns).

Peloso the Carver (Minotaur Fighter)                Turns: 9314, Time: 00:23:51

Health: -3/94      AC: 20    Str: 22    XL:     11   Next: 24%
Magic:  10/10      EV:  7    Int: -1 (2) God:    Okawaru [*****.]
Gold:   362        SH: 16    Dex: 21    Spells: 10/10 levels left

rFire    . . .     SeeInvis .   a - +3 falchion (flame)
rCold    . . .     Gourm    +   c - +3 shield
rNeg     . . .     Faith    .   t - +3 chain mail
rPois    .         Spirit   .   (helmet restricted)
rElec    .         Reflect  .   y - +2 cloak
rCorr    .         Harm     .   E - +1 pair of gloves
MR       .....     Rnd*Tele +   (no boots)
Stlth    ..........             n - amulet of Genac {Gourm Int-3 Dex+9 Slay+3 Stlth+}
HPRegen  0.25/turn              l - -3 ring of evasion (curse)
MPRegen  0.12/turn              C - ring of teleportation (curse)

@: slowed, lost intelligence, very slow
A: retaliatory headbutt, horns 2
a: Heroism, Finesse, Renounce Religion


You were on level 11 of the Dungeon.
You worshipped Okawaru.
Okawaru was extremely pleased with you.
You were completely stuffed.

You visited 2 branches of the dungeon, and saw 12 of its levels.

You collected 566 gold pieces.
You spent 204 gold pieces at shops.

Inventory:

Hand Weapons
 a - a +3 falchion of flaming (weapon)
Armour
 b - a +0 scale mail
 c - a +3 shield (worn)
 t - a +3 chain mail (worn)
 y - a +2 cloak (worn)
 E - a +1 pair of gloves (worn)
Jewellery
 l - a cursed -3 ring of evasion (left hand)
 n - the amulet of Genac (around neck) {Gourm Int-3 Dex+9 Slay+3 Stlth+}
   (You found it on level 8 of the Dungeon)

   [amulet of the gourmand]

   It allows you to eat raw meat even when not hungry.
   It affects your intelligence (-3).
   It affects your dexterity (+9).
   It affects your accuracy and damage with ranged weapons and melee attacks
   (+3).
   It makes you more stealthy.
 r - an uncursed ring of protection from fire
 C - a cursed ring of teleportation (right hand)
Wands
 j - a wand of random effects (44)
 q - a wand of acid (1)
 x - a wand of iceblast (5)
Scrolls
 d - a scroll of magic mapping
 g - 3 scrolls of identify
 k - 2 scrolls of amnesia
 m - 2 scrolls of fear
 o - 2 scrolls of enchant weapon
 p - 4 scrolls of teleportation
 s - 5 scrolls of remove curse
 u - a scroll of immolation {unknown}
 z - a scroll of vulnerability {unknown}
 A - 2 scrolls of random uselessness {unknown}
Potions
 e - 3 potions of flight
 h - 2 potions of curing
 i - a potion of mutation
 v - a potion of might
 w - a potion of ambrosia
Comestibles
 f - 17 rations
 B - 7 chunks of flesh


   Skills:
 + Level 8.2 Fighting
 + Level 11.8 Long Blades
 + Level 10.7 Armour
 + Level 3.5 Dodging
 + Level 1.0 Stealth
 + Level 11.7 Shields
 + Level 0.4 Invocations
 + Level 1.0 Evocations


You had 10 spell levels left.
You didn't know any spells.
Your spell library contained the following spells:

 Spells                   Type           Power        Failure   Level  Hunger
 Animate Skeleton         Necr           N/A          100%        1    ##.....
 Infusion                 Chrm           #...         100%        1    ##.....
 Magic Dart               Conj           #...         100%        1    ##.....
 Pain                     Necr           #...         100%        1    ##.....
 Summon Small Mammal      Summ           #...         100%        1    ##.....
 Call Imp                 Summ           #.......     100%        2    ###....
 Shroud of Golubria       Chrm/Tloc      #.....       100%        2    ###....
 Song of Slaying          Chrm           #.......     100%        2    ###....
 Call Canine Familiar     Summ           #.......     100%        3    ####...
 Regeneration             Chrm/Necr      #.........   100%        3    ####...
 Spectral Weapon          Hex/Chrm       #.......     100%        3    ####...
 Summon Guardian Golem    Hex/Summ       #.......     100%        3    ####...
 Vampiric Draining        Necr           #.........   100%        3    ####...
 Animate Dead             Necr           N/A          100%        4    #####..
 Summon Ice Beast         Ice/Summ       #.......     100%        4    #####..
 Summon Lightning Spire   Summ/Air       #.......     100%        4    #####..


Dungeon Overview and Level Annotations

Branches:
Dungeon (11/15)            Temple (1/1) D:6            Lair (0/6) D:8
    Orc (0/2) D:11

Altars:
Cheibriados
Elyvilon
Fedhas
Gozag
Hepliaklqana
Kikubaaqudgha
Makhleb
Nemelex Xobeh
Okawaru
Qazlal
Ru
Sif Muna
Trog
Uskayaw
Vehumet
Wu Jian
Xom
Yredelemnul
Zin
The Shining One

Shops:
D:8 ?   D:9 ([(


Innate Abilities, Weirdness & Mutations

You reflexively headbutt those who attack you in melee.
You have a pair of horns on your head.


Message History

Okawaru accepts your kill. You block the orc's attack.
The orc priest miscasts a cantrip.
Unknown command.
You slash the orc! You burn the orc.
You kill the orc!
Okawaru accepts your kill. The orc hits you but does no damage.
The orc priest invokes the aid of Beogh against you.
Beogh smites you!
* * * LOW HITPOINT WARNING * * *
You block the orc priest's attack.
You feel better. You block the orc's attack.
The orc priest calls down the wrath of Beogh upon you.
Beogh smites you!
* * * LOW HITPOINT WARNING * * *
You block the orc priest's attack. The orc closely misses you.
The orc priest invokes the aid of Beogh against you.
Beogh smites you!
You die...

##### #...# ..
#.8.# ...
#..@## #..
####)###o# #..
##oo.# #.#
#oo.# ##.#
##...#
#..######'###'#
#....#...## #..
#..#.).8.# .8.
#..###...# ..#


You could see 2 orc priests and 2 orcs.

Vanquished Creatures
  Harold (D:8)
  2 two-headed ogres (D:9)
  A death yak (D:8)
  Maurice (D:8)
  Joseph (D:8)
  2 trolls (D:9)
  2 hippogriffs
  4 hogs (D:8)
  6 yaks (D:9)
  A hungry ghost (D:9)
  A basilisk (D:8)
  A human (D:8)
  5 sky beasts
  4 orc warriors
  An ice beast (D:3)
  5 ogres
  2 centaurs
  A crocodile (D:8)
  A big kobold (D:9)
  4 bullfrogs
  A scorpion (D:8)
  5 wights
  A howler monkey (D:8)
  6 crimson imps
  A bullfrog zombie (D:9)
  A centaur zombie (D:7)
  12 orc wizards
  2 centaur skeletons
  3 hounds
  6 orc priests
  3 jellies
  An iron imp (D:7)
  An iguana (D:9)
  7 worker ants
  2 killer bee zombies
  2 hound skeletons
  A howler monkey skeleton (D:4)
  3 gnolls (D:9)
  7 adders
  2 shadow imps
  6 worms
  3 dart slugs
  6 leopard geckos
  44 orcs
  A giant cockroach (D:2)
  7 hobgoblins
  3 jackals (D:1)
  5 quokkas
  A ball python (D:2)
  5 bats
  8 frilled lizards
  3 goblins
  A jackal skeleton (D:6)
  10 kobolds
  A leopard gecko skeleton (D:5)
  A leopard gecko zombie (D:6)
  A quokka zombie (D:6)
  8 rats
227 creatures vanquished.

Notes
Turn   | Place    | Note
-------+----------+-------------------------------------------
     0 | D:1      | Peloso the Minotaur Fighter began the quest for the Orb.
     0 | D:1      | Reached XP level 1. HP: 19/19 MP: 0/0
   112 | D:1      | Reached XP level 2. HP: 23/27 MP: 1/1
   659 | D:2      | Reached XP level 3. HP: 30/33 MP: 2/2
   924 | D:2      | Found a shimmering altar of Xom.
   932 | D:2      | Found a shimmering altar of Xom.
   932 | D:2      | Found a shimmering altar of Xom.
   933 | D:2      | Found a shimmering altar of Xom.
   956 | D:2      | Reached XP level 4. HP: 39/40 MP: 3/3
  1638 | D:3      | Found an ornate altar of the Wu Jian Council.
  1708 | D:3      | Reached skill level 1 in Dodging
  1774 | D:3      | Found a faded altar of an unknown god.
  1987 | D:3      | Found a stormy altar of Qazlal.
  2169 | D:3      | Reached XP level 5. HP: 46/46 MP: 4/4
  2296 | D:4      | Noticed an ice beast
  2301 | D:3      | Killed an ice beast
  2301 | D:3      | Reached skill level 5 in Armour
  2315 | D:4      | Reached XP level 6. HP: 42/53 MP: 5/5
  2316 | D:4      | Reached skill level 5 in Long Blades
  2322 | D:4      | Reached skill level 5 in Shields
  2964 | D:5      | Entered Level 5 of the Dungeon
  2974 | D:5      | Reached XP level 7. HP: 60/60 MP: 6/6
  3352 | D:5      | Found an ancient bone altar of Kikubaaqudgha.
  3354 | D:5      | Found a shimmering blue altar of Sif Muna.
  3356 | D:5      | Found a radiant altar of Vehumet.
  3360 | D:5      | Identified Vehumet's Collected Works on Attacks
  4106 | D:6      | Reached skill level 5 in Fighting
  4289 | D:6      | Found a staircase to the Ecumenical Temple.
  4299 | D:6      | Reached XP level 8. HP: 59/68 MP: 7/7
  4311 | Temple   | Entered the Ecumenical Temple
  4431 | Temple   | Became a worshipper of Warmaster Okawaru
  5060 | D:7      | Found a snail-covered altar of Cheibriados.
  5912 | D:8      | Found a staircase to the Lair.
  5912 | D:8      | Noticed a death yak
  5912 | D:8      | Noticed a hippogriff
  5922 | D:8      | Reached * piety under Okawaru
  5947 | D:8      | Killed a death yak
  5947 | D:8      | Reached ** piety under Okawaru
  5947 | D:8      | Reached XP level 9. HP: 26/75 MP: 8/8
  6215 | D:8      | Got a clouded golden amulet
  6270 | D:8      | Noticed Maurice
  6278 | D:8      | Killed Maurice
  6315 | D:8      | Found Remamawk's Magic Scroll Shoppe.
  6464 | D:8      | Found a white marble altar of Elyvilon.
  6769 | D:8      | Reached *** piety under Okawaru
  6778 | D:8      | Reached skill level 10 in Long Blades
  6842 | D:8      | Noticed Harold
  6878 | D:8      | Killed Harold
  6878 | D:8      | Reached **** piety under Okawaru
  6878 | D:8      | Reached XP level 10. HP: 32/84 MP: 9/9
  7525 | D:8      | Noticed Joseph
  7550 | D:8      | Killed Joseph
  7550 | D:8      | Reached skill level 10 in Shields
  7550 | D:8      | Reached skill level 1 in Evocations
  7803 | D:9      | Found Owuawk's Antique Weapon Boutique.
  7852 | D:9      | Reached skill level 10 in Armour
  7865 | D:9      | Reached ***** piety under Okawaru
  7936 | D:9      | Identified the amulet of Genac {Gourm Int-3 Dex+9 Slay+3
                  | Stlth+} (You found it on level 8 of the Dungeon)
  8061 | D:9      | Found a burning altar of Makhleb.
  8100 | D:9      | Found a blossoming altar of Fedhas.
  8358 | D:9      | Noticed a two-headed ogre
  8362 | D:9      | Killed a two-headed ogre
  8362 | D:9      | Received a gift from Okawaru
  8446 | D:9      | Reached XP level 11. HP: 47/94 MP: 10/10
  8524 | D:9      | Found Ajywuruq's Antique Weapon Emporium.
  8539 | D:9      | Bought a runed falchion for 204 gold pieces
  8545 | D:9      | Lost intelligence.
  8603 | D:9      | Lost intelligence.
  8701 | D:9      | Found a sparkling altar of Nemelex Xobeh.
  8701 | D:9      | Found an opulent altar of Gozag.
  8704 | D:9      | Found a hide-covered altar of Uskayaw.
  8723 | D:9      | Found Jouwabon's Armour Emporium.
  8820 | D:10     | Entered Level 10 of the Dungeon
  8872 | D:10     | Noticed a two-headed ogre
  8888 | D:9      | Killed a two-headed ogre
  9243 | D:11     | Reached skill level 1 in Stealth
  9274 | D:11     | Found a staircase to the Orcish Mines.
  9314 | D:11     | Killed from afar by an orc priest

Levels and vault maps discovered:
D:1:      tarquinn_simple_flora_water_f, layout_loops_ring
D:2:      layout_basic, first_ration, xom_redecorated
D:3:      kennysheep_six_static_rooms, layout_loops_ring, old_standard_altar,
          grunt_qazlal_sundering, chequers_ecumenical_altar_twisty
D:4:      layout_rooms, uniq_eustachio
D:5:      layout_basic, grunt_temple_overflow_magic_moments
D:6:      layout_layer_cave, minmay_temple_entry_hall
D:7:      layout_loops_ring, slow_altar_1, serial_co_window_serial,
          co_window_paths_a, co_window_corner_a, co_window_corner_a,
          co_window_paths_a, co_window_corner_a, co_window_corner_cb,
          co_window_of_opportunity_c, co_window_unsneaky_path_e,
          co_window_2corner, co_window_unsneaky_path_b, glass_columns_a,
          glass_columns_c, glass_columns_a
D:8:      layout_basic, david_lair_generic, serial_shops, shop_scrolls,
          grunt_livestock, elyvilon_altar_1, uniq_joseph, uniq_harold,
          uniq_maurice
D:9:      layout_roguey, overflow_temple_1_default,
          gammafunk_temple_overflow_claw, lemuel_doored_altar, serial_shops,
          shop, nicolae_shop_trees, nicolae_shop_statue_plus
D:10:     layout_rooms
D:11:     layout_irregular_city, hiddenorc2_lemuel
Temple:   minmay_temple_curvy_loop

Skill      XL: |  1  2  3  4  5  6  7  8  9 10 11 |
---------------+----------------------------------+-----
Shields        | 4 5 6 7 9 11 | 11.7
Fighting       | 4 5 6 7 8 |  8.2
Armour         | 4 5 6 8 9 10 | 10.7
Long Blades    | 3 4 5 7 8 10 11 | 11.8
Dodging        | 1 2 3 |  3.5
Evocations     | 1 |  1.0
Stealth        | 1 |  1.0
Invocations    | |  0.4

Action                   |  1- 3 |  4- 6 |  7- 9 | 10-12 || total
-------------------------+-------+-------+-------+-------++-------
Melee: Long sword        |   103 |   104 |   338 |   209 ||   754
       Headbutt          |    14 |    19 |    85 |    81 ||   199
       Falchion          |       |       |       |    94 ||    94
Invok: Heroism           |       |       |     1 |     1 ||     2
Evoke: Wand              |       |       |     7 |       ||     7
  Use: Potion            |     1 |     2 |     2 |     5 ||    10
       Scroll            |       |     4 |     6 |     2 ||    12
  Eat: Chunk             |       |     6 |    10 |    24 ||    40
       Ration            |       |       |     1 |       ||     1
Armor: Scale mail        |    58 |    26 |       |       ||    84
       Chain mail        |       |    14 |   107 |    18 ||   139
       Plate armour      |       |       |    45 |   101 ||   146
Dodge: Dodged            |    35 |    16 |    35 |    42 ||   128
Block: Shield            |    61 |    74 |   208 |   235 ||   578
       Rpst.: Long sword |    10 |     3 |     8 |     2 ||    23
       Falchion          |       |       |       |     4 ||     4

Table legend:
 A = Non-vault XP
 B = Vault XP
 C = Vault XP percentage of total XP
 D = Non-vault monster count
 E = Vault monster count
 F = Vault count percentage of total count
                 A         B        C        D         E       F
            +---------+---------+-------+---------+---------+-------
      Total |    8897 |    4714 |  34.6 |     184 |      43 |  18.9
            +---------+---------+-------+---------+---------+-------
        D:1 |      29 |       0 |   0.0 |      18 |       0 |   0.0
        D:2 |      75 |       0 |   0.0 |      24 |       0 |   0.0
        D:3 |     207 |      24 |  10.4 |      17 |       6 |  26.1
        D:4 |     387 |       0 |   0.0 |      18 |       0 |   0.0
        D:5 |     340 |       0 |   0.0 |      11 |       0 |   0.0
        D:6 |     533 |       0 |   0.0 |      14 |       0 |   0.0
        D:7 |     401 |      39 |   8.9 |      10 |       1 |   9.1
        D:8 |     718 |    4263 |  85.6 |      16 |      12 |  42.9
        D:9 |    5652 |       0 |   0.0 |      45 |       0 |   0.0
       D:10 |     437 |       0 |   0.0 |       9 |       0 |   0.0
       D:11 |     118 |     388 |  76.7 |       2 |      24 |  92.3
            +---------+---------+-------+---------+---------+-------
